 Dungeon Sprint DCSS version 0.23.2-1-ga50397a (webtiles) character file.

Game seed: 14956433421194956937

8220 Fang the Fighter (level 11, -17/80 HPs)
             Began as a Gargoyle Berserker on Apr 24, 2019.
             Was the Champion of Trog.
             Demolished by a very large slime creature (31 damage)
             ... in the Dungeon (Sprint V: "Ziggurat Sprint").
             The game lasted 00:03:41 (1336 turns).

Fang the Fighter (Gargoyle Berserker)               Turns: 1336, Time: 00:03:41

Health: -17/80     AC: 41    Str: 30    XL:     11   Next: 27%
Magic:  11/11      EV: 14    Int: 13    God:    Trog [******]
Gold:   0          SH:  0    Dex: 12    Spells: 10/10 levels left

rFire    . . .     SeeInvis +   M - +0 battleaxe (holy)
rCold    x . .     Gourm    +   (shield currently unavailable)
rNeg     + . .     Faith    .   k - +15 Maxwell's patent armour {-Cast -Tele rElec MR+ rCorr}
rPois    ∞         Spirit   .   (no helmet)
rElec    +         Reflect  .   (no cloak)
rCorr    +         Harm     .   (no gloves)
MR       ++...     NoTele   +   a - +0 pair of boots {Fly} Stlth ..........NoCast +
                                J - amulet "Qorrev" {Gourm rElec}
HPRegen  0.23/turn              D - +6 ring of strength
MPRegen  0.12/turn              b - ring "Genauch" {rC- MR+ Int+5 Dex+3 SInv}

@: flying
A: blurry vision 1, negative energy resistance 1, electricity resistance,
unbreathing, petrification resistance, rot immunity, AC +8
a: Berserk, Trog's Hand, Brothers in Arms, Renounce Religion, Stop Flying


You were in the Dungeon.
You worshipped Trog.
Trog was exalted by your worship.
You were very full.

You visited 1 branch

Inventory:

Hand Weapons
 j - a +5 executioner's axe of draining
 A - a +3 war axe of flaming
 C - a +4 battleaxe of chopping
 G - the +3 hand axe "Qealuts" {drain, rC+ Dex+4}
   (You found it in the Dungeon)

   A truly terrible weapon, it drains the life of those it strikes.
   It affects your dexterity (+4).
   It protects you from cold.
 K - the +1 hand axe "Deybb" {venom, rF+}
   (You found it in the Dungeon)

   It poisons the flesh of those it strikes.
   It protects you from fire.
 L - a +2 battleaxe of freezing
 M - a +0 battleaxe of holy wrath (weapon)
Armour
 a - a +0 pair of boots of flying (worn)
 k - the +15 Maxwell's patent armour (worn) {-Cast -Tele rElec MR+ rCorr}
   (You found it in the Dungeon)

   It insulates you from electricity.
   It affects your resistance to hostile enchantments.
   It prevents spellcasting.
   It prevents most forms of teleportation.
   It provides partial protection from all sources of acid and corrosion.
 I - a +0 pair of boots of running
Jewellery
 b - the ring "Genauch" (right hand) {rC- MR+ Int+5 Dex+3 SInv}
   (You found it in the Dungeon)

   [ring of protection from magic]

   It affects your intelligence (+5).
   It affects your dexterity (+3).
   It makes you vulnerable to cold.
   It affects your resistance to hostile enchantments.
   It lets you see invisible.
 B - an uncursed ring of ice
 D - a +6 ring of strength (left hand)
 E - a +6 ring of strength
 F - the ring "Wuxipo" {rC+ Int+9}
   (You found it in the Dungeon)

   [ring of protection from cold]

   It affects your intelligence (+9).
   It protects you from cold.
 H - an uncursed ring of protection from fire
 J - the amulet "Qorrev" (around neck) {Gourm rElec}
   (You found it in the Dungeon)

   [amulet of the gourmand]

   It allows you to eat raw meat even when not hungry.
   It insulates you from electricity.
Wands
 w - a wand of disintegration (7)
 x - a wand of iceblast (7)
 y - a wand of acid (7)
Scrolls
 i - 4 scrolls of blinking
 l - 7 scrolls of fog
 m - a scroll of holy word
 n - 5 scrolls of identify
 o - 5 scrolls of remove curse
 p - 2 scrolls of fear
Potions
 d - 10 potions of curing
 e - 9 potions of heal wounds
 f - 6 potions of haste
 g - 7 potions of magic
 h - 3 potions of berserk rage
 q - 2 potions of brilliance
 r - 2 potions of invisibility
 s - 4 potions of resistance
 t - a potion of experience
 u - 5 potions of agility
 v - 5 potions of might
Comestibles
 c - 7 rations


   Skills:
 + Level 14.7 Fighting
 + Level 12.6 Axes
 + Level 14.5 Armour
 + Level 11.6 Dodging


You had 10 spell levels left.
You didn't know any spells.
Your spell library was empty.

Dungeon Overview and Level Annotations

Branches:
Dungeon (1/1)

Altars:
Ashenzari
Cheibriados
Dithmenos
Elyvilon
Fedhas
Gozag
Hepliaklqana
Kikubaaqudgha
Makhleb
Nemelex Xobeh
Okawaru
Qazlal
Ru
Sif Muna
Trog
Uskayaw
Vehumet
Wu Jian
Xom
Yredelemnul
Zin
The Shining One
Beogh
Jiyva
Lugonu

Annotations:
D 1 transporter


Innate Abilities, Weirdness & Mutations

You are resistant to torment.
Your stone body is resilient. (AC +8)
You are immune to poison.
You resist negative energy. (rN+)
You are resistant to electric shocks. (rElec)
You can survive without breathing.
You are immune to petrification.
You are immune to rotting.
Scrolls take you a little longer to read.


Message History

The very large slime creature hits your cyclops!!!
The shining eye gazes at you.
Strange energies course through your body.
Your vision blurs.
You completely miss the shining eye.
The shining eye is severely wounded.
The great orb of eyes bites your cyclops!!
Your cyclops dies!
Your cyclops's corpse disappears in a puff of smoke!
You hit the shining eye.
The shining eye is severely wounded.
You slash the very large slime creature!
The very large slime creature hits you!
* * * LOW HITPOINT WARNING * * *
You slice the shining eye!!
You kill the shining eye!
Trog accepts your kill.
You slice the very large slime creature!!
The very large slime creature hits you!!
You die...

▓..)"}|[..▓..}}||:..▓
▓..}=)}"..▓...}=}|..▓
▓.........▓.........▓
▓.........▓.........▓
▓.........▓.........▓
▓.........▓.........▓
▓.........▓...÷))...▓
▓.▓.....▓.▓...÷©÷...▓
▓....©.GJ@▓▓▓▓▓▓▓▓▓▓▓
▓▓▓▓▓▓▓▓▓▓▓


You could see a great orb of eyes and a very large slime creature.

Vanquished Creatures
  A death ooze (D)
  2 two-headed ogres (D)
  A cyclops (D)
  A shining eye (D)
  5 draconians (D)
  A merfolk (D)
  A troll (D)
  2 hippogriffs (D)
  2 spriggans (D)
  A yak (D)
  3 golden eyes (D)
  A hell hound (D)
  2 porcupines (D)
  3 floating eyes (D)
  3 black bears (D)
  2 orc warriors (D)
  An ogre (D)
  A necrophage (D)
  4 wolves (D)
  2 centaurs (D)
  A bullfrog (D)
  4 jellies (D)
  2 orc priests (D)
  3 iguanas (D)
  An ooze (D)
  An adder skeleton (D)
  2 adder zombies (D)
  3 orcs (D)
  A bat skeleton (D)
  A jackal (D)
  A leopard gecko skeleton (D)
59 creatures vanquished.

Vanquished Creatures (others)
  A fire vortex (D)
1 creature vanquished.

Grand Total: 60 creatures vanquished

Notes
Turn   | Place    | Note
-------+----------+-------------------------------------------
     0 | D        | Found the +6 Majin-Bo {vamp, Archmagi MP+6 Int+6}
     0 | D        | Found the +7 great mace "Firestarter" {inner flame, rF++}
     0 | D        | Fang the Gargoyle Berserker began the quest for the Orb.
     0 | D        | Reached XP level 1. HP: 14/14 MP: 1/1
     1 | D        | Found a blossoming altar of Fedhas.
     2 | D        | Found a viscous altar of Jiyva.
     2 | D        | Found a transporter.
     2 | D        | Found a hazy altar of Hepliaklqana.
     2 | D        | Found an ancient bone altar of Kikubaaqudgha.
     2 | D        | Found an opulent altar of Gozag.
     2 | D        | Found a corrupted altar of Lugonu.
    10 | D        | Found a burning altar of Makhleb.
    11 | D        | Found an iron altar of Okawaru.
    11 | D        | Found a stormy altar of Qazlal.
    11 | D        | Found a sparkling altar of Nemelex Xobeh.
    11 | D        | Found a sacrificial altar of Ru.
    11 | D        | Found a deep blue altar of Sif Muna.
    16 | D        | Found the +9 heavy crossbow "Sniper" {velocity, Acc+∞ SInv}
    16 | D        | Found the +10 dark maul {crush}
    16 | D        | Found the +15 Maxwell's patent armour {-Cast -Tele rElec
                  | MR+ rCorr}
    16 | D        | Found the +18 shield of the Gong {rElec rN+ MR+ EV-5}
    16 | D        | Found the cursed +14 obsidian axe {chop, +Fly SInv *Curse}
    20 | D        | Found a bloodstained altar of Trog.
    59 | D        | Found the +6 shillelagh "Devastator" {shatter}
    59 | D        | Found the +11 plutonium sword {*Contam Stlth-}
    59 | D        | Found the +8 lance "Wyrmbane" {slay drac, rPois rF+ rC+
                  | AC+3}
    59 | D        | Found the +9 sword of Zonguldrok {reap}
    59 | D        | Found the cursed +13 scythe of Curses {drain, *Curse}
    59 | D        | Found the +0 sword of Power
    59 | D        | Found the +7 mace of Variability {chain chaos}
    59 | D        | Found the +7 Singing Sword {slice, sonic wave}
    59 | D        | Found the +7 longbow "Piercer" {penet, EV-2}
    89 | D        | Entered arena 2.
    89 | D        | Noticed a hell hound
    89 | D        | Found a transporter.
    93 | D        | Killed a hell hound
    93 | D        | Reached skill level 5 in Armour
    93 | D        | Reached XP level 2. HP: 9/22 MP: 2/2
    93 | D        | Reached XP level 3. HP: 11/27 MP: 3/3
    93 | D        | Reached XP level 4. HP: 13/32 MP: 4/4
   313 | D        | Entered arena 3.
   313 | D        | Noticed a golden eye
   313 | D        | Noticed a floating eye
   313 | D        | Found a transporter.
   314 | D        | Paralysed by a floating eye for 2 turns
   319 | D        | Killed a floating eye
   319 | D        | Reached skill level 5 in Axes
   319 | D        | Reached skill level 5 in Dodging
   319 | D        | Reached XP level 5. HP: 38/38 MP: 5/5
   328 | D        | Reached ** piety under Trog
   328 | D        | Reached XP level 6. HP: 44/44 MP: 6/6
   454 | D        | Killed a golden eye
   576 | D        | Entered arena 4.
   576 | D        | Noticed a floating eye
   576 | D        | Noticed a floating eye
   576 | D        | Noticed a golden eye
   576 | D        | Found a transporter.
   579 | D        | Killed a floating eye
   579 | D        | Reached XP level 7. HP: 50/50 MP: 7/7
   579 | D        | Paralysed by a floating eye for 3 turns
   612 | D        | Reached *** piety under Trog
   624 | D        | Killed a golden eye
   748 | D        | Entered arena 5.
   748 | D        | Noticed a troll
   748 | D        | Noticed a two-headed ogre
   748 | D        | Noticed a two-headed ogre
   748 | D        | Found a transporter.
   751 | D        | Killed a troll
   751 | D        | Reached skill level 10 in Fighting
   751 | D        | Reached XP level 8. HP: 57/57 MP: 8/8
   753 | D        | Killed a two-headed ogre
   753 | D        | Reached **** piety under Trog
   753 | D        | Reached skill level 10 in Armour
   753 | D        | Reached XP level 9. HP: 64/64 MP: 9/9
   756 | D        | Killed a two-headed ogre
   756 | D        | Reached skill level 10 in Axes
   764 | D        | Got the ring "Genauch" {rC- MR+ Int+5 Dex+3 SInv}
   806 | D        | Entered arena 6.
   806 | D        | Noticed a draconian
   806 | D        | Noticed a draconian
   806 | D        | Noticed a draconian
   806 | D        | Noticed a draconian
   806 | D        | Noticed a draconian
   806 | D        | Found a transporter.
   814 | D        | Killed a draconian
   814 | D        | Killed a draconian
   817 | D        | Killed a draconian
   817 | D        | Reached XP level 10. HP: 72/72 MP: 10/10
   817 | D        | Killed a draconian
   817 | D        | Reached ***** piety under Trog
   817 | D        | Reached skill level 10 in Dodging
   817 | D        | Killed a draconian
   901 | D        | Entered arena 7.
   901 | D        | Noticed a cyclops
   902 | D        | Found a transporter.
   906 | D        | Received a gift from Trog
   910 | D        | Killed a cyclops
   972 | D        | Entered arena 8.
   973 | D        | Found a transporter.
   987 | D        | Entered arena 9.
   988 | D        | Found a transporter.
   991 | D        | Received a gift from Trog
   995 | D        | Reached ****** piety under Trog
  1081 | D        | Got the ring "Wuxipo" {rC+ Int+9}
  1083 | D        | Got the +3 hand axe "Qealuts" {drain, rC+ Dex+4}
  1145 | D        | Entered arena 10.
  1146 | D        | Found the +3 warlock's mirror {reflect}
  1146 | D        | Found a transporter.
  1150 | D        | Received a gift from Trog
  1165 | D        | Got the amulet "Qorrev" {Gourm rElec}
  1167 | D        | Got the +1 hand axe "Deybb" {venom, rF+}
  1189 | D        | Entered arena 11.
  1196 | D        | Received a gift from Trog
  1199 | D        | Reached XP level 11. HP: 73/80 MP: 11/11
  1248 | D        | Found a transporter.
  1310 | D        | Entered arena 12.
  1310 | D        | Noticed a death ooze
  1310 | D        | Noticed a shining eye
  1311 | D        | Noticed a great orb of eyes
  1312 | D        | Found a transporter.
  1323 | D        | Killed a death ooze
  1325 | D        | Received a gift from Trog
  1333 | D        | Gained mutation: Scrolls take you a little longer to read.
                  | [a shining eye]
  1336 | D        | Killed a shining eye
  1336 | D        | Demolished by a very large slime creature

Skill      XL: |  1  2  3  4  5  6  7  8  9 10 11 |
---------------+----------------------------------+-----
Fighting       | 6 7 8 10 11 12 14 | 14.7
Axes           | 4 5 6 7 8 9 10 12 | 12.6
Armour         | 5 6 8 9 10 12 13 14 | 14.5
Dodging        | 4 5 6 7 8 9 11 | 11.6

Action                   |  1- 3 |  4- 6 |  7- 9 | 10-12 || total
-------------------------+-------+-------+-------+-------++-------
Melee: Executioner's axe |     3 |    14 |    17 |    25 ||    59
       War axe           |       |       |       |    25 ||    25
       Battleaxe         |       |       |       |    16 ||    16
Invok: Berserk           |     1 |       |     2 |     1 ||     4
       Brothers in Arms  |       |       |       |     1 ||     1
  Use: Scroll            |       |       |     1 |       ||     1
       Potion            |       |       |       |     1 ||     1
  Eat: Chunk             |       |       |       |    25 ||    25
Armor: Plate armour      |     5 |     1 |    37 |    98 ||   141
Dodge: Dodged            |       |     7 |    27 |    74 ||   108
